Map: Dusk Towers

Players

imre - Winner!

  • Race: Terran Terran
  • League: Master

Nowado

  • Race: Protoss Protoss
  • League: Master

VOD

Have the link to the VOD?

Description

Time

  • Played on: Jan. 18, 2016, 12:07 p.m.
  • Length: 10:30
Show
View Real Time Build Order
Export as new Build Order

imre Terran - Winner!

Build Orders: Liberator Opening, MMM Bio 

Get SALT Encoding   

  12  0:00  SCV  
  13  0:13  SCV  
  14  0:18  Supply Depot  
  14  0:25  SCV  
  15  0:39  SCV  
  15  0:40  Barracks  
  16  0:45  Refinery  
  16  0:51  SCV  
  17  1:04  SCV  
  18  1:16  SCV  
  19  1:29  Barracks Reactor, Orbital Command  
  19  1:42  Command Center  
  19  1:51  Supply Depot  
  19  1:56  SCV  
  20  2:04  Marine  
  20  2:05  Marine  
  20  2:08  SCV  
  23  2:14  Factory  
  23  2:20  SCV  
  24  2:26  Marine x2  
  24  2:29  Refinery  
  26  2:32  SCV  
  27  2:44  SCV  
  27  2:45  Marine x2  
  30  2:55  Orbital Command  
  30  2:58  Factory Tech Lab  
  30  3:00  SCV, Starport  
  30  3:04  Marine  
  32  3:06  Marine  
  33  3:13  SCV  
  34  3:20  SCV  
  34  3:23  Cyclone  
  34  3:24  Marine x2  
  40  3:30  Supply Depot, SCV  
  41  3:35  SCV  
  42  3:43  Engineering Bay, Liberator  
  42  3:44  Marine x2  
  44  3:48  SCV  
  44  3:54  Supply Depot, SCV  
  49  4:04  Marine x2  
  49  4:07  SCV  
  52  4:13  SCV  
  52  4:16  Siege Tank  
  56  4:19  Supply Depot  
  56  4:21  SCV  
  57  4:26  Marine  
  57  4:27  Marine  
  56  4:41  SCV x2  
  57  4:46  Liberator  
  57  4:50  Barracks, Marine x2  
  57  4:51  Barracks  
  55  4:54  Missile Turret  
  55  4:57  Missile Turret  
  55  4:59  Siege Tank  
  53  5:00  Missile Turret  
  53  5:04  SCV  
  57  5:10  SCV  
  57  5:13  Marine x2  
  60  5:19  SCV  
  60  5:20  Supply Depot  
  61  5:32  Refinery x2, Barracks  
  61  5:33  Barracks  
  61  5:34  Marine x2  
  63  5:36  SCV  
  63  5:41  Barracks Tech Lab  
  63  5:42  Barracks Tech Lab  
  64  5:47  Siege Tank  
  67  5:53  Supply Depot  
  67  5:57  Marine x2  
  67  5:58  Starport Reactor  
  67  6:01  SCV x2  
  67  6:02  Stimpack  
  71  6:07  Supply Depot  
  65  6:15  Marauder x2  
  65  6:17  SCV  
  63  6:22  SCV  
  63  6:25  Missile Turret  
  62  6:29  SCV  
  62  6:31  Marine x2  
  62  6:32  Barracks Reactor, Barracks Tech Lab  
  62  6:33  Terran Infantry Weapons Level 1  
  62  6:35  SCV  
  62  6:37  Medivac  
  65  6:40  Supply Depot  
  65  6:45  Marine x2  
  65  6:46  Medivac  
  69  6:54  Combat Shields  
  69  6:55  Marine  
  69  6:56  Marine  
  71  7:06  Marine  
  71  7:07  Marine x2  
  71  7:08  Supply Depot, Siege Tank  
  77  7:11  SCV x2  
  77  7:13  Marine x2  
  77  7:15  Marine  
  82  7:19  Marine  
  82  7:20  Medivac  
  85  7:26  Marine x3  
  85  7:28  Medivac  
  90  7:34  Supply Depot, Marine x2  
  90  7:36  Marine  
  93  7:40  Siege Tank  
  96  7:52  Marine  
  96  7:54  Marine, Marauder x3  
  96  7:55  Marine  
  105  7:59  Supply Depot  
  105  8:01  Supply Depot  
  105  8:06  Medivac  
  105  8:07  Medivac  
  109  8:13  Marine x2  
  109  8:14  Marine x2  
  109  8:17  Concussive Shells  
  113  8:21  Liberator  
  113  8:23  Marauder  
  113  8:24  Marauder x2  
  119  8:27  Supply Depot  
  119  8:41  Marine x3  
  123  8:45  Marauder x2  
  129  8:49  Liberator  
  129  8:50  Marauder  
  131  8:57  Supply Depot  
  131  8:59  Supply Depot  
  131  9:00  Marine  
  131  9:01  Marine  
  133  9:06  Marauder x2  
  140  9:13  Marine x2  
  142  9:19  Siege Tank  
  144  9:34  Marauder x3  
  150  9:41  Marine  
  150  9:42  Marine  
  150  9:55  Marauder  
  150  9:56  Siege Tank  
  150  9:58  Marine  
  158  10:01  Marine  
  158  10:06  Marine  
  158  10:07  Marauder  
  158  10:09  Marine  
Show
View Real Time Build Order
Export as new Build Order

Nowado Protoss 

Build Orders: 1 Gate Expand, Dark Templar Rush 

Get SALT Encoding   

  12  0:01  Probe (Chrono Boost)  
  13  0:11  Probe (Chrono Boost)  
  14  0:17  Pylon  
  14  0:22  Probe (Chrono Boost)  
  16  0:35  Probe (Chrono Boost)  
  16  0:36  Gateway  
  16  0:43  Assimilator  
  16  0:47  Probe (Chrono Boost)  
  17  0:58  Probe (Chrono Boost)  
  18  1:08  Probe (Chrono Boost)  
  19  1:19  Probe (Chrono Boost)  
  20  1:26  Nexus  
  20  1:29  Probe (Chrono Boost)  
  21  1:37  Cybernetics Core  
  21  1:41  Probe (Chrono Boost)  
  21  1:45  Assimilator  
  22  1:52  Probe (Chrono Boost)  
  23  2:02  Pylon  
  23  2:20  Probe, Adept (Chrono Boost)  
  23  2:21  Warp Gate  
  26  2:32  Probe  
  26  2:33  Twilight Council  
  27  2:37  Probe  
  27  2:44  Probe, Adept (Chrono Boost)  
  30  2:51  Probe (Chrono Boost)  
  31  2:56  Probe (Chrono Boost)  
  33  2:59  Pylon  
  33  3:02  Probe (Chrono Boost)  
  33  3:03  Assimilator  
  34  3:09  Probe (Chrono Boost)  
  34  3:10  Robotics Facility  
  34  3:12  Resonating Glaives  
  35  3:21  Probe (Chrono Boost)  
  35  3:22  Probe (Chrono Boost)  
  37  3:30  Assimilator  
  37  3:32  Dark Shrine  
  37  3:33  Probe (Chrono Boost)  
  38  3:35  Probe (Chrono Boost)  
  38  3:40  Adept (Chrono Boost)  
  41  3:43  Probe  
  42  3:50  Probe  
  42  3:55  Probe  
  43  3:57  Warp Prism (Chrono Boost)  
  43  4:02  Probe  
  47  4:05  Adept (Chrono Boost)  
  49  4:16  Pylon  
  49  4:17  Gateway  
  49  4:21  Gateway  
  49  4:28  Gateway  
  47  4:44  Dark Templar  
  43  4:48  Probe x2  
  45  5:00  Probe (Chrono Boost)  
  45  5:01  Probe (Chrono Boost)  
  47  5:12  Observer  
  45  5:16  Nexus  
  46  5:26  Stalker  
  47  5:32  Probe (Chrono Boost)  
  47  5:34  Probe (Chrono Boost)  
  49  5:39  Adept x3  
  56  5:42  Probe (Chrono Boost)  
  56  5:46  Probe (Chrono Boost)  
  57  5:53  Probe (Chrono Boost)  
  57  5:55  Templar Archives  
  58  5:58  Probe (Chrono Boost)  
  58  6:00  Blink (Chrono Boost)  
  58  6:03  Probe (Chrono Boost)  
  58  6:10  Probe (Chrono Boost)  
  55  6:14  Stalker  
  55  6:15  Stalker x3  
  58  6:22  Pylon  
  53  6:35  Probe (Chrono Boost)  
  53  6:36  Probe (Chrono Boost)  
  53  6:37  Mothership Core (Chrono Boost)  
  56  6:46  Probe  
  56  6:48  Probe  
  56  6:50  Stalker x2  
  61  6:59  Probe  
  62  7:02  Immortal  
  62  7:03  Probe  
  62  7:07  Psionic Storm  
  67  7:16  Probe x2  
  69  7:23  High Templar  
  69  7:24  Probe, High Templar x3  
  69  7:28  Probe  
  69  7:29  Probe  
  80  7:34  Probe  
  81  7:38  Observer  
  81  7:40  Probe  
  81  7:41  Probe  
  84  7:45  Probe  
  84  7:50  Gateway  
  85  7:53  Gateway, Charge (Chrono Boost)  
  85  7:55  Pylon  
  85  8:08  Immortal  
  85  8:12  Probe  
  85  8:13  Probe x2  
  92  8:25  Dark Shrine  
  92  8:30  Gateway  
  92  8:35  Gateway  
  92  8:36  Pylon x2  
  92  8:37  Pylon  
  92  8:40  Pylon  
  92  8:49  Immortal  
  92  8:53  Probe  
  92  8:54  Probe x2  
  98  9:00  Zealot x4  
  106  9:03  Probe  
  106  9:06  Probe x2  
  109  9:11  Pylon  
  109  9:14  Probe  
  110  9:17  Pylon  
  110  9:18  Probe x2  
  112  9:28  Zealot x2  
  116  9:36  Pylon  
  116  9:40  Pylon  
  100  9:56  Dark Templar x3  
  100  9:57  Dark Templar x3  
  91  10:15  Probe  
  96  10:21  Pylon  
  96  10:22  Pylon  
Tags
 
Add a new tag
Caveats
  • Supply blocks, unpowered buildings, or Contaminate may cause inaccurate times.
  • Supply counts are checked every 10 seconds.